AoeStats
← noobsriram

Arena

509683410Analyzed
4v4 RM · 3d ago on Sep 27, 2026· 37m 22s· 8 players
Game mode
Random Map
Map size
Large (8 player)
Population
200
Speed
Normal
Resources
Standard
Victory
Conquest
Starting age
Dark Age
Ending age
Imperial Age
RankedLock teamsTeams togetherTeam positionsShared explorationLock speedFull tech treeHidden civsTurbo modeCheats
Victory
Defeat
🇲🇽 Vikings · Mexico
1187
+14
🇦🇷 Danes · Argentina
1148
+16
🇲🇽 Mongols · Mexico
1079
+20
🇫🇮 Burmese · Finland
1073
+19
🇪🇸 Khmer · Spain
1179
-19
🇷🇪 Byzantines · Réunion
1151
-17
🇦🇫 Turks · Afghanistan
1144
-17
🇮🇳 Lithuanians · India
1116
-16
DOM
4:05 Loom
10:53 Feudal Age
12:22 Horse Collar
12:34 Double-Bit Axe
16:24 Castle Age
14:37 Stone Mining
15:21 Gold Mining
16:57 Bloodlines
17:31 Bow Saw
19:08 Stone Shaft Mining
19:45 Gold Shaft Mining
20:52 Wheelbarrow
22:26 Fletching
23:18 Fervor
24:01 Heavy Plow
25:37 Scale Barding Armor
26:34 Town Watch
27:58 Husbandry
28:25 Ballistics
29:19 Hand Cart
33:17 Imperial Age
31:20 Bodkin Arrow
32:05 Tusk Swords
32:38 Forging
32:17 Pikeman
33:36 Chain Barding Armor
35:04 Chemistry
34:29 Conscription
34:54 Masonry
34:56 Elite Ballista Elephant
k-otic
3:58 Loom
11:24 Feudal Age
15:34 Castle Age
13:48 Horse Collar
15:44 Pikeman
23:30 Scale Barding Armor
24:33 Fletching
26:29 Light Cavalry
27:11 Bodkin Arrow
28:26 Bloodlines
29:51 Double-Bit Axe
32:16 Padded Archer Armor
34:10 Fortified Wall
raphael-974-
11:19 Feudal Age
13:24 Wheelbarrow
15:27 Castle Age
13:46 Horse Collar
22:26 Double-Bit Axe
22:44 Heavy Plow
24:22 Hand Cart
24:34 Loom
25:36 Bow Saw
30:33 Fortified Wall
31:12 Padded Archer Armor
31:03 Fletching
33:46 Imperial Age
31:47 Elite Skirmisher
32:33 Thumb Ring
33:02 Ballistics
35:30 Two-Man Saw
35:04 Crop Rotation
36:44 Chemistry
35:51 Man-at-Arms
36:17 Gambesons
36:34 Squires
37:06 Bodkin Arrow
37:26 Leather Archer Armor
noobsriram
12:03 Feudal Age
16:15 Castle Age
15:13 Double-Bit Axe
21:34 Imperial Age
19:52 Loom
20:50 Bow Saw
Huesped Maldito
11:43 Feudal Age
12:17 Double-Bit Axe
12:31 Horse Collar
17:35 Castle Age
18:54 Wheelbarrow
18:05 Town Watch
18:58 Bloodlines
18:48 Husbandry
19:51 Fletching
20:01 Padded Archer Armor
25:31 Gold Mining
26:14 Bodkin Arrow
28:15 Leather Archer Armor
29:17 Heavy Plow
29:28 Bow Saw
29:33 Light Cavalry
33:59 Imperial Age
32:46 Gold Shaft Mining
32:01 Stone Mining
32:52 Hand Cart
32:43 Loom
33:00 Town Patrol
34:14 Forging
34:09 Scale Barding Armor
35:11 Drill
35:12 Conscription
35:50 Stone Shaft Mining
35:55 Capped Ram
36:33 Onager
37:52 Bracer
37:20 Siege Ram
JM-POL
10:37 Feudal Age
14:38 Castle Age
12:31 Horse Collar
12:56 Double-Bit Axe
15:55 Bow Saw
16:29 Heavy Plow
19:20 Loom
20:40 Gold Mining
21:06 Stone Mining
22:01 Gold Shaft Mining
27:11 Imperial Age
24:53 Squires
24:14 Man-at-Arms
24:55 Scale Mail Armor
25:05 Forging
26:02 Chain Mail Armor
25:41 Arson
26:00 Long Swordsman
27:29 Iron Casting
28:38 Crop Rotation
29:16 Two-Man Saw
27:38 Two-Handed Swordsman
28:49 Plate Mail Armor
28:42 Conscription
30:42 Blast Furnace
29:43 Champion
33:45 Chieftains
35:46 Fletching
37:34 Bodkin Arrow
37:41 Padded Archer Armor
Valhalin
12:20 Feudal Age
16:06 Castle Age
14:55 Double-Bit Axe
14:53 Horse Collar
17:47 Loom
22:11 Wheelbarrow
29:06 Imperial Age
28:38 Forging
28:28 Scale Mail Armor
28:34 Heavy Plow
28:54 Bow Saw
29:11 Elite Varangian Guard
30:14 Conscription
30:31 Squires
30:18 Arson
30:54 Chain Mail Armor
32:17 Plate Mail Armor
32:27 Iron Casting
32:13 Gold Mining
32:13 Stone Mining
32:21 Stone Mining
32:21 Gambesons
Titan
10:57 Feudal Age
14:29 Castle Age
12:31 Horse Collar
13:27 Loom
16:13 Sanctity
17:21 Redemption
19:48 Wheelbarrow
18:59 Town Watch
25:11 Heavy Plow
25:05 Gold Mining
30:46 Imperial Age
30:30 Gold Shaft Mining
31:26 Bloodlines
31:16 Husbandry
31:22 Padded Archer Armor
31:54 Block Printing
32:15 Theocracy
32:06 Illumination
33:33 Fletching
35:03 Conscription
Connection lost

Rejoining the realm…

Still unreachable

The connection could not be restored.

Session expired

The server has moved on; the page needs a fresh start.